Map: Gresvan LE

Players

MindelVK

  • Race: Protoss Protoss
  • League: Grandmaster
  • Spawn Location: 5:00

MapeTheApe - Winner!

  • Race: Protoss Protoss
  • League: Master
  • Spawn Location: 11:00

VOD

Have the link to the VOD?

Description

Time

  • Played on: Sept. 1, 2023, 12:25 p.m.
  • Length: 8:12
Show
View Real Time Build Order
Export as new Build Order

MindelVK Protoss 

Build Orders: Blink Stalkers 

Get SALT Encoding   

  12  0:00  Probe  
  13  0:12  Probe  
  14  0:16  Pylon  
  14  0:24  Probe (Chrono Boost)  
  15  0:36  Probe (Chrono Boost)  
  15  0:39  Gateway  
  16  0:44  Probe (Chrono Boost)  
  16  0:45  Assimilator  
  17  0:51  Probe  
  17  0:54  Assimilator  
  18  1:03  Probe (Chrono Boost)  
  19  1:07  Gateway  
  19  1:12  Probe (Chrono Boost)  
  19  1:17  Probe (Chrono Boost)  
  21  1:26  Cybernetics Core  
  21  1:29  Probe  
  22  1:34  Pylon  
  22  1:41  Probe  
  23  1:53  Probe  
  24  2:03  Stalker x2, Warp Gate  
  24  2:05  Probe  
  29  2:12  Pylon  
  30  2:23  Probe  
  30  2:33  Stalker x2  
  34  2:41  Twilight Council  
  33  3:02  Stalker  
  33  3:03  Stalker  
  37  3:06  Shield Battery  
  37  3:11  Blink (Chrono Boost)  
  37  3:32  Pylon  
  37  3:34  Shield Battery  
  37  3:48  Gateway  
  37  3:52  Gateway  
  37  3:58  Stalker  
  37  3:59  Stalker  
  41  4:22  Pylon  
  41  4:28  Stalker x2  
  45  4:50  Stalker x2  
  45  4:51  Stalker  
  51  5:02  Stalker  
  53  5:13  Stalker  
  45  5:32  Nexus  
Show
View Real Time Build Order
Export as new Build Order

MapeTheApe Protoss - Winner!

Build Orders: Mass Adepts 

Get SALT Encoding   

  12  0:00  Probe  
  13  0:12  Probe  
  14  0:17  Pylon  
  14  0:24  Probe (Chrono Boost)  
  16  0:37  Probe (Chrono Boost), Gateway  
  16  0:42  Probe (Chrono Boost)  
  16  0:46  Assimilator  
  17  0:51  Probe  
  17  0:54  Assimilator  
  18  1:03  Probe (Chrono Boost)  
  19  1:11  Gateway  
  19  1:13  Probe (Chrono Boost)  
  19  1:18  Probe (Chrono Boost)  
  20  1:24  Cybernetics Core  
  21  1:29  Probe  
  22  1:34  Pylon  
  22  1:41  Probe  
  23  1:53  Probe  
  24  2:00  Warp Gate (Chrono Boost)  
  24  2:02  Adept x2  
  29  2:20  Pylon  
  28  2:24  Shield Battery  
  28  2:31  Nexus  
  28  2:42  Adept x2  
  31  2:49  Pylon  
  31  2:55  Twilight Council  
  32  3:12  Probe  
  32  3:14  Gateway  
  32  3:25  Resonating Glaives (Chrono Boost)  
  33  3:27  Gateway  
  33  3:41  Adept x2  
  36  3:44  Pylon  
  36  3:54  Gateway  
  36  3:56  Pylon x2  
  36  4:03  Adept x2  
  38  4:20  Adept  
  40  4:24  Dark Shrine  
  40  4:28  Gateway  
  40  4:38  Adept  
  42  4:40  Adept  
  44  4:46  Adept  
  46  4:55  Adept  
  25  5:37  Dark Templar x3  
Tags
 
Add a new tag
Caveats
  • Supply blocks, unpowered buildings, or Contaminate may cause inaccurate times.
  • Supply counts are checked every 10 seconds.